 Dungeon Crawl Stone Soup version 0.17.1-1-g73c8601 (console) character file.

234639 Kloppie the Warrior (level 18, 0/155 HPs)
             Began as a Demonspawn Gladiator on Dec 28, 2015.
             Was the Champion of Makhleb.
             Shot with an arrow by a satyr (13 damage)
             ... on level 4 of the Shoals on Dec 29, 2015.
             The game lasted 01:37:35 (33615 turns).

Kloppie the Warrior (Demonspawn Gladiator)         Turns: 33615, Time: 01:37:36

Health: 0/155      AC: 38    Str: 18    XL:     18   Next: 45%
Magic:  0/15       EV: 18    Int: 11    God:    Makhleb [******]
Gold:   3969       SH:  0    Dex: 21    Spells: 0 memorised, 17 levels left

rFire  . . .     SeeInvis +     a - +10 war axe {elec, +Inv}
rCold  + . .     Clarity  +     W - +5 chain mail of the Will of the Gods {MP-9 Dex+2 SInv}
rNeg   . . .     SustAt   .     (no shield)
rPois  +         Gourm    .     M - +4 helmet of Inquiry {Regen+ Dex+4 Stlth+}
rElec  .         Spirit   +     (no cloak)
rCorr  +         Warding  .     m - +1 pair of gloves
rMut   .         Stasis   .     (boots unavailable)
MR     +....                    i - amulet of resist corrosion
Stlth  ..........               c - ring of Fiarph {rPois AC-2} (curse)
                                s - +5 ring of protection

@: somewhat resistant to hostile enchantments, extremely unstealthy
A: talons 3, rough black scales 3, clarity, cold resistance 1, icemail, magic
shield, magic regeneration, magic link, freezing cloud immunity
a: Minor Destruction, Lesser Servant of Makhleb, Major Destruction, Greater
Servant of Makhleb, Renounce Religion, Evoke Invisibility
}: 2/15 runes: barnacled, gossamer


You were on level 4 of the Shoals.
You worshipped Makhleb.
Makhleb was exalted by your worship.
You were not hungry.

You visited 6 branches of the dungeon, and saw 36 of its levels.
You also visited: Labyrinth, Sewer and Ice Cave.

You collected 4603 gold pieces.
You spent 634 gold pieces at shops.

Inventory:

Hand Weapons
 a - the +10 war axe of Impermanence (weapon) {elec, +Inv}
   (You found it on level 7 of the Dungeon)

   Occasionally, upon striking a foe, it will discharge some electrical energy
   and cause terrible harm.
   It lets you turn invisible.
 b - a +0 dire flail
 r - a +2 battleaxe of flaming
 v - a +3 battleaxe of draining
Missiles
 d - 26 tomahawks
 E - 7 throwing nets
 Q - 21 javelins of penetration
 Z - 44 javelins (quivered)
Armour
 m - a +1 pair of gloves (worn)
 M - the +4 helmet of Inquiry (worn) {Regen+ Dex+4 Stlth+}
   (You bought it in a shop on level 13 of the Dungeon)

   It affects your dexterity (+4).
   It increases your rate of regeneration.
   It makes you more stealthy.
 W - the +5 chain mail of the Will of the Gods (worn) {MP-9 Dex+2 SInv}
   (You found it on level 6 of the Lair of Beasts)

   It affects your dexterity (+2).
   It affects your magic capacity (-9).
   It lets you see invisible.
Jewellery
 c - the cursed ring of Fiarph (right hand) {rPois AC-2}
   (You bought it in a shop on level 1 of the Orcish Mines)

   [ring of protection]

   It affects your AC (-2).
   It protects you from poison.
   It has a curse placed upon it.
 g - an uncursed ring of teleportation
 i - an amulet of resist corrosion (around neck)
 p - an uncursed ring of protection from magic
 s - a +5 ring of protection (left hand)
 w - an uncursed ring of ice {unknown}
 x - the ring of Irodar {+Inv Str+2 Stlth+}
   (You found it on level 3 of the Spider Nest)

   [ring of invisibility]

   It affects your strength (+2).
   It lets you turn invisible.
   It makes you more stealthy.
 z - an uncursed ring of flight
 G - a +4 ring of protection
 H - the cursed ring of the Raven {rF+ rN+ MP+9 EV-2 Str-4}
   (You found it on level 15 of the Dungeon)

   [ring of evasion]

   It affects your evasion (-2).
   It affects your strength (-4).
   It protects you from fire.
   It protects you from negative energy.
   It affects your magic capacity (+9).
   It has a curse placed upon it.
 L - an uncursed ring of poison resistance {unknown}
 S - an uncursed ring of protection from cold
 Y - an uncursed ring of protection from magic
Wands
 y - a wand of digging (24)
 C - a wand of disintegration (12)
 D - a wand of paralysis (8)
 J - a wand of teleportation (5)
Scrolls
 f - 5 scrolls of identify
 h - 13 scrolls of teleportation
 t - 6 scrolls of recharging
 A - 2 scrolls of amnesia
 F - 7 scrolls of remove curse
 I - 4 scrolls of enchant weapon
 O - 2 scrolls of fear
 R - 8 scrolls of blinking
 V - 5 scrolls of magic mapping
 X - 3 scrolls of enchant armour
Potions
 l - 2 potions of cure mutation
 n - a potion of might
 o - 4 potions of haste
 q - 9 potions of curing
 B - a potion of flight
 K - 5 potions of lignification
 P - a potion of agility
 T - a potion of cancellation
 U - a potion of invisibility
Miscellaneous
 j - a lantern of shadows
Comestibles
 e - 15 bread rations
 k - 8 meat rations
 u - 12 royal jellies
 N - a beef jerky


   Skills:
 + Level 17.3 Fighting
 - Level 16.1 Axes
 - Level 1.7 Throwing
 - Level 12.4 Armour
 + Level 15.3 Dodging
 - Level 9.0 Invocations
 - Level 5.2 Evocations


You had 17 spell levels left.
You didn't know any spells.

Dungeon Overview and Level Annotations

Branches:
Dungeon (15/15)            Temple (1/1) D:7            Lair (8/8) D:11
 Shoals (4/4) Lair:3       Spider (4/4) Lair:3        Slime (0/6) Lair:6
    Orc (4/4) D:10            Elf (0/3) Orc:3        Vaults (0/5) D:14
 Depths (0/5) D:15

Altars:
Ashenzari
Cheibriados
Dithmenos
Fedhas
Kikubaaqudgha
Makhleb
Nemelex Xobeh
Okawaru
Qazlal
Ru
Sif Muna
Vehumet
The Shining One
Beogh

Shops:
D:9 [   D:10 (}:   D:13 [   Orc:1 =   Orc:4 [:(*   Shoals:1 ?

Portals:
Trove: D:12 (give +2 storm dragon armour)

Annotations:
D:3 Natasha
D:6 dalle's ghost, amateur DsBe
Shoals:3 exclusion: Roxanne, Roxanne


Innate Abilities, Weirdness & Mutations

You have claws for feet.
You are completely covered in rough black scales (AC +10, Dex -3).
Your flesh is cold resistant.
A meltable icy envelope protects you from harm (AC +0).
When hurt, damage is shared between your health and your magic reserves.
You regenerate magic rapidly.
When low on magic, you restore magic in place of health.
You are immune to freezing clouds.
You possess an exceptional clarity of mind.


Message History

The alligator snapping turtle is heavily wounded.
You hit the merfolk.
The merfolk is severely wounded.
The alligator snapping turtle bites you!!
* * * LOW HITPOINT WARNING * * *
The merfolk hits you but does no damage.
The snapping turtle misses you.
The satyr unwields an uncursed spear.
The satyr wields a longbow.
The satyr shoots an arrow.
The arrow hits you!!
* * * LOW HITPOINT WARNING * * *
You hit the alligator snapping turtle but do no damage.
There is a sudden explosion of sparks!
The alligator snapping turtle is heavily wounded.
You closely miss the merfolk.
The merfolk is severely wounded.
The alligator snapping turtle bites you!
* * * LOW HITPOINT WARNING * * *
The merfolk hits you from afar with a trident!
* * * LOW HITPOINT WARNING * * *
The satyr shoots an arrow.
The arrow hits you!
You die...

≈≈≈≈≈≈≈≈≈≈≈≈≈≈≈≈≈≈≈≈≈≈≈≈≈≈≈≈≈≈≈≈≈
≈≈≈≈≈≈≈≈≈≈≈≈≈≈≈≈≈≈≈≈≈≈≈≈≈≈≈≈≈≈≈≈≈
≈≈≈≈≈≈≈≈≈≈#####≈≈≈≈≈≈≈≈..≈,≈≈≈≈≈≈
≈≈≈≈≈≈≈≈≈##≈≈≈##≈≈≈≈≈≈..#*+**≈≈≈≈
≈≈≈≈≈≈≈≈≈#≈≈≈≈≈#.......#*,,,**≈≈≈
≈≈≈≈≈≈≈≈≈'..|..#.......#,,,,,*≈≈≈
≈≈≈≈≈≈≈≈≈#...))#.mt....#,,,,,*≈≈≈
≈≈≈≈≈≈)≈.##.[.##.(t..).#,,,,,*≈≈≈
≈≈≈≈≈≈≈≈..##'##.@.†..(.##,,,**≈≈≈
≈≈≈≈≈≈≈≈.........)......#****≈≈≈≈
≈[≈≈≈≈≈....(...............≈≈≈≈≈≈
≈≈(≈≈[)....................≈≈≈≈≈≈
≈≈≈≈(≈...≈≈≈≈≈..............≈≈≈≈≈
.≈)≈≈((<≈≈≈(≈≈≈≈≈≈≈≈.........≈≈≈≈
..≈≈≈)..≈≈≈.≈≈≈≈≈≈≈≈≈..c......,≈≈
.(.(....≈≈...≈≈...≈≈≈.........,,,
.....(..≈≈≈.≈≈....≈≈≈..≈≈.##..,,,


You could see an alligator snapping turtle, a satyr, a snapping turtle and a
merfolk.

Vanquished Creatures
  Saint Roka (Orc:3)
  The ghost of DeXoteric the Cloud Mage, an adept DrCj of Vehumet (Spider:4)
  Rupert (Lair:8)
  3 krakens
  Frances (D:13)
  Kirke (Lair:5)
  A storm dragon (D:15)
  Ilsuiw (Shoals:4)
  3 ghost moths (Spider:4)
  A frost giant (IceCv)
  4 emperor scorpions (Spider:4)
  The ghost of Cab the Severer, a journeyman DDWr of Elyvilon (Orc:4)
  A stone giant (Orc:4)
  Nessos (D:13)
  Azrael (D:14)
  The ghost of landeron the Blocker, a journeyman MiFi of Okawaru (Lair:5)
  5 vault guards (D:14)
  5 merfolk javelineers (Shoals:4)
  The ghost of Runnr the Blocker, a journeyman HuFi of Ashenzari (Orc:4)
  Erolcha (Orc:1)
  9 merfolk impalers
  The ghost of DeXoteric the Grappler, a journeyman TrWr of Ru (IceCv)
  A minotaur (Lab)
  4 entropy weavers
  2 ice dragons
  Harold (D:11)
  A yaktaur captain (D:15)
  6 hydras
  2 catoblepae
  2 centaur warriors
  2 merfolk avatars
  4 ogre magi (D:15)
  An alligator snapping turtle (Shoals:4)
  The ghost of CcS the Fighter, a journeyman GrNe of Cheibriados (D:14)
  4 merfolk aquamancers (Shoals:4)
  4 tengu warriors
  9 death yaks
  4 satyrs
  An orc high priest (Orc:3)
  Urug (D:14)
  Nergalle (Orc:3)
  7 sea snakes
  24 harpies
  5 orc knights
  4 hill giants
  3 lindwurms
  6 griffons
  12 wolf spiders
  11 fauns
  3 ugly things
  2 cyclopes
  8 wizards (D:14)
  15 orb spiders
  2 orc sorcerers
  5 water nymphs
  11 manticores
  6 hornets
  9 elephants
  9 sirens
  6 torpor snails (Lair:8)
  5 black mambas
  Psyche (D:11)
  3 centaur skeletons
  10 spiny frogs
  A kobold demonologist (D:13)
  6 demonic crawlers
  A tengu conjurer (D:14)
  6 trolls
  A fire drake (Lair:3)
  10 komodo dragons
  19 merfolk
  16 polar bears (IceCv)
  4 giant leeches (Lair:8)
  An efreet (D:13)
  5 slime creatures
  14 jumping spiders
  Grinder (D:4)
  8 two-headed ogres
  4 wind drakes
  2 queen bees
  18 blink frogs
  5 boulder beetles
  6 snapping turtles
  13 trapdoor spiders
  35 redbacks
  3 deep elf magi
  21 tarantellas
  4 water elementals (Shoals:4)
  74 yaks
  A wraith (D:10)
  A human (D:14)
  4 hogs (Lair:5)
  16 hippogriffs
  Grum (D:10)
  8 hungry ghosts
  5 basilisks
  3 fire elementals (D:14)
  3 vampire mosquitoes (D:14)
  28 wolves
  4 shadows
  A deep elf fighter (D:14)
  4 wargs
  A steam dragon (Lair:6)
  19 water moccasins
  A mottled dragon (D:12)
  Edmund (D:5)
  A soldier ant (shapeshifter) (D:15)
  13 porcupines
  A hell hound (D:14)
  Duvessa (D:7)
  9 ice beasts
  8 spiders
  4 sky beasts
  An eye of draining (D:11)
  26 orc warriors
  A black bear (D:10)
  8 wasps
  3 necrophages (D:8)
  22 ogres
  2 phantoms (D:13)
  2 big kobolds
  10 centaurs
  15 crocodiles
  5 brain worms (Lair:8)
  A water moccasin zombie (D:9)
  32 giant frogs
  Dowan (D:7)
  A gnoll sergeant (D:8)
  2 scorpions
  2 wyvern skeletons
  4 wights
  A water moccasin skeleton (D:10)
  48 killer bees
  5 giant frog zombies
  10 crimson imps
  4 electric eels
  A quasit (D:12)
  3 centaur zombies
  6 hounds
  38 orc priests
  A gnoll shaman (D:10)
  10 iguanas
  3 jellies
  46 orc wizards
  2 giant frog skeletons
  10 worker ants
  26 sheep
  2 hound skeletons
  12 adders
  7 gnolls
  82 river rats
  3 shadow imps
  3 white imps (D:13)
  17 worms
  8 giant geckos
  227 orcs
  4 ball pythons
  9 bats
  14 giant cockroaches
  14 hobgoblins
  9 jackals
  2 quokkas
  9 giant newts
  5 goblins
  9 kobolds
  12 rats
  4 bushes
  15 fungi
  23 plants
  12 tentacles
1533 creatures vanquished.

Vanquished Creatures (others)
  An ice dragon (D:15)
  A centaur warrior (D:15)
  A manticore (Shoals:4)
  A deep elf mage (D:15)
  A basilisk (D:15)
  A wolf (IceCv)
  A giant frog (D:15)
  An orc (Orc:1)
  A kobold (D:13)
  4 fungi
  18 plants
  27 tentacles
  1406 tentacle segments
1464 creatures vanquished.

Grand Total: 2997 creatures vanquished

Notes
Turn   | Place    | Note
--------------------------------------------------------------
     0 | D:1      | Kloppie the Demonspawn Gladiator began the quest for the Orb.
     0 | D:1      | Reached XP level 1. HP: 16/16 MP: 1/1
   173 | D:1      | Reached skill level 3 in Axes
   260 | D:1      | Gained mutation: When hurt, damage is shared between your health and your magic reserves. [demonic ancestry]
   260 | D:1      | Reached XP level 2. HP: 19/22 MP: 2/2
   878 | D:1      | Reached XP level 3. HP: 28/28 MP: 3/3
  1733 | D:3      | Gained mutation: Your flesh is cold resistant. [demonic ancestry]
  1733 | D:3      | Reached XP level 4. HP: 32/35 MP: 4/4
  1795 | D:3      | Gained mutation: You are partially covered in rough black scales (AC +4, Dex -1). [potion of mutation]
  1795 | D:3      | Gained mutation: You have sharp toenails. [potion of mutation]
  1795 | D:3      | Gained mutation: You possess an exceptional clarity of mind. [potion of mutation]
  2028 | D:3      | Noticed Natasha
  2120 | D:3      | Gained mutation: You are mostly covered in rough black scales (AC +7, Dex -2). [demonic ancestry]
  2120 | D:3      | Reached XP level 5. HP: 24/41 MP: 3/5
  2129 | D:3      | Reached skill level 4 in Axes
  2640 | D:4      | Noticed an ogre
  2653 | D:4      | Killed an ogre
  2653 | D:4      | Gained mutation: You have razor-sharp toenails. [demonic ancestry]
  2653 | D:4      | Reached XP level 6. HP: 48/48 MP: 6/6
  2856 | D:4      | Found an iron altar of Okawaru.
  3018 | D:4      | Noticed Grinder
  3035 | D:4      | Killed Grinder
  3035 | D:4      | Gained mutation: You are immune to freezing clouds. [demonic ancestry]
  3035 | D:4      | Reached XP level 7. HP: 47/55 MP: 5/7
  3192 | D:4      | Reached skill level 5 in Axes
  3195 | D:5      | Entered Level 5 of the Dungeon
  3283 | D:5      | Reached skill level 5 in Fighting
  3319 | D:5      | Noticed Edmund
  3337 | D:5      | Killed Edmund
  3337 | D:5      | Reached skill level 1 in Armour
  3354 | D:5      | Found a glowing drain.
  3376 | Sewer    | Entered a sewer
  3944 | D:5      | Gained mutation: You are completely covered in rough black scales (AC +10, Dex -3). [demonic ancestry]
  3944 | D:5      | Reached XP level 8. HP: 64/64 MP: 8/8
  4236 | D:6      | Noticed dalle's ghost (amateur DsBe)
  4297 | D:6      | Reached skill level 6 in Axes
  4622 | D:7      | Found a staircase to the Ecumenical Temple.
  4631 | Temple   | Entered the Ecumenical Temple
  4763 | Temple   | Became a worshipper of Makhleb the Destroyer
  5055 | D:7      | Noticed Dowan
  5057 | D:7      | Noticed Duvessa
  5081 | D:7      | Killed Duvessa
  5119 | D:7      | Killed Dowan
  5119 | D:7      | Reached skill level 7 in Fighting
  5356 | D:7      | Got a steaming war axe
  5412 | D:7      | Identified the +10 war axe of Impermanence {elec, +Inv} (You found it on level 7 of the Dungeon)
  5712 | D:8      | Gained mutation: You have claws for feet. [demonic ancestry]
  5712 | D:8      | Reached XP level 9. HP: 72/72 MP: 9/9
  5731 | D:8      | Reached * piety under Makhleb
  6041 | D:8      | Found a blossoming altar of Fedhas.
  6071 | D:8      | Reached skill level 5 in Armour
  6184 | D:8      | Reached skill level 8 in Fighting
  6728 | D:9      | Found Viteattoxo's Antique Armour Shoppe.
  6731 | D:9      | Reached ** piety under Makhleb
  6749 | D:9      | Found a shattered altar of Ashenzari.
  6941 | D:9      | Reached XP level 10. HP: 82/82 MP: 10/10
  7143 | D:10     | Entered Level 10 of the Dungeon
  7221 | D:10     | Found Ciosan's Antique Weapon Emporium.
  7227 | D:10     | Reached skill level 9 in Fighting
  7400 | D:10     | Reached *** piety under Makhleb
  7433 | D:10     | Found Kuxaac's Gadget Shoppe.
  7446 | D:10     | Found Naka's Book Shoppe.
  7560 | D:10     | Found a staircase to the Orcish Mines.
  7628 | D:10     | Noticed Grum
  7639 | D:10     | Killed Grum
  7992 | D:11     | Noticed Psyche
  7996 | D:11     | Paralysed by Psyche for 7 turns
  8003 | D:11     | Killed Psyche
  8184 | D:11     | Reached skill level 10 in Fighting
  8199 | D:11     | Noticed Harold
  8222 | D:11     | Killed Harold
  8222 | D:11     | Reached XP level 11. HP: 55/90 MP: 6/11
  8398 | D:11     | Noticed CcS's ghost (journeyman GrNe)
  8402 | D:11     | Reached **** piety under Makhleb
  8475 | D:11     | Noticed a centaur warrior
  8626 | D:11     | Killed a centaur warrior
  8840 | D:11     | Reached skill level 10 in Axes
  9083 | D:11     | Found a staircase to the Lair.
  9394 | Lair:1   | Entered Level 1 of the Lair of Beasts
  9646 | Lair:1   | Reached ***** piety under Makhleb
  9749 | Lair:1   | Reached skill level 11 in Fighting
  9769 | Lair:1   | Got an amethyst-encrusted ring mail
  9770 | Lair:1   | Identified the +5 ring mail of Sloth {rElec rF- rN+ MR+} (You found it on level 1 of the Lair of Beasts)
 10548 | Lair:1   | Noticed an ice dragon
 10567 | Lair:1   | Killed an ice dragon
 11036 | Lair:2   | Noticed a six-headed hydra
 11054 | Lair:2   | Killed a six-headed hydra
 11054 | Lair:2   | Reached XP level 12. HP: 32/100 MP: 1/12
 11995 | Lair:3   | Reached skill level 12 in Fighting
 11995 | Lair:3   | Reached skill level 10 in Armour
 12181 | Lair:3   | Noticed a seven-headed hydra
 12193 | Lair:3   | Killed a seven-headed hydra
 12193 | Lair:3   | Reached skill level 1 in Evocations
 12317 | Lair:3   | Found a staircase to the Shoals.
 12444 | Lair:3   | Found a hole to the Spider Nest.
 12557 | Lair:3   | Reached ****** piety under Makhleb
 12797 | Lair:4   | Found a labyrinth entrance.
 12807 | Lab      | Entered a labyrinth
 12967 | Lab      | Noticed a minotaur
 12974 | Lab      | Killed a minotaur
 12974 | Lab      | Gained mutation: You regenerate magic rapidly. [demonic ancestry]
 12974 | Lab      | Reached XP level 13. HP: 103/109 MP: 12/16
 13075 | Lair:4   | Noticed a four-headed hydra
 13087 | Lair:4   | Killed a four-headed hydra
 13173 | Lair:4   | Reached skill level 13 in Fighting
 13173 | Lair:4   | Reached skill level 5 in Evocations
 13709 | Lair:5   | Noticed landeron's ghost (journeyman MiFi)
 13728 | Lair:5   | Killed landeron's ghost
 13728 | Lair:5   | Reached skill level 5 in Dodging
 13744 | Lair:5   | Noticed Kirke
 13759 | Lair:5   | Killed Kirke
 14454 | Lair:6   | Found a staircase to the Slime Pits.
 14644 | Lair:6   | Got an ichor-stained chain mail
 14645 | Lair:6   | Identified the +5 chain mail of the Will of the Gods {MP-9 Dex+2 SInv} (You found it on level 6 of the Lair of Beasts)
 15136 | Lair:7   | Mutation became permanent: You are completely covered in rough black scales (AC +10, Dex -3). [demonic ancestry]
 15136 | Lair:7   | Reached XP level 14. HP: 119/119 MP: 5/17
 15287 | Lair:7   | Reached skill level 14 in Fighting
 16231 | Orc:1    | Entered Level 1 of the Orcish Mines
 16420 | Orc:1    | Found Limael's Jewellery Boutique.
 16427 | Orc:1    | Bought a cursed ring of loudness for 45 gold pieces
 17050 | Orc:1    | Noticed Erolcha
 17058 | Orc:1    | Killed Erolcha
 17201 | Orc:3    | Found a roughly hewn altar of Beogh.
 17291 | Orc:3    | Paralysed by an orc sorcerer for 2 turns
 17364 | Orc:3    | Found a staircase to the Elven Halls.
 17805 | Orc:3    | Found a frozen archway.
 17814 | IceCv    | Entered an ice cave
 18076 | IceCv    | Noticed DeXoteric's ghost (journeyman TrWr)
 18089 | IceCv    | Killed DeXoteric's ghost
 18104 | IceCv    | Noticed a frost giant
 18128 | IceCv    | Killed a frost giant
 18521 | Orc:3    | Found a roughly hewn altar of Beogh.
 18863 | Orc:4    | Entered Level 4 of the Orcish Mines
 18866 | Orc:4    | Noticed Saint Roka
 18872 | Orc:4    | Noticed Cab's ghost (journeyman DDWr)
 19201 | Orc:4    | Noticed Nergalle
 19205 | Orc:3    | Reached skill level 15 in Fighting
 19238 | Orc:3    | Killed Nergalle
 19339 | Orc:3    | HP: 5/123 [Saint Roka/divine providence (14)]
 19340 | Orc:3    | Killed Saint Roka
 19649 | Orc:4    | Killed Cab's ghost
 19937 | Orc:4    | Found a roughly hewn altar of Beogh.
 19945 | Orc:4    | Reached XP level 15. HP: 109/129 MP: 6/18
 19976 | Orc:4    | Found Kiliz's Antique Armour Emporium.
 20243 | Orc:4    | Found Lawuc's Book Emporium.
 20264 | Orc:4    | Noticed Runnr's ghost (journeyman HuFi)
 20265 | Orc:4    | Found Ahuolam's General Store.
 20276 | Orc:4    | Killed Runnr's ghost
 20603 | Orc:4    | Found Joockiwn's Antique Weapon Emporium.
 21014 | Lair:8   | Entered Level 8 of the Lair of Beasts
 21175 | Lair:8   | Noticed Rupert
 21188 | Lair:8   | Killed Rupert
 21397 | Lair:8   | Reached skill level 10 in Dodging
 21913 | Lair:8   | Found a runed door.
 22999 | Orc:1    | Bought the cursed ring of Fiarph {rPois AC-2} for 77 gold pieces
 23157 | Spider:1 | Entered Level 1 of the Spider Nest
 23181 | Lair:3   | Reached skill level 15 in Axes
 23302 | Spider:1 | Reached skill level 16 in Fighting
 24412 | Spider:2 | HP: 3/131 [disintegration (35)]
 24988 | D:12     | Reached skill level 1 in Invocations
 25560 | D:12     | Found a portal to a secret trove of treasure.
 25834 | D:13     | Found Tohein's Armour Shoppe.
 25842 | D:13     | Bought the +4 helmet of Inquiry {Regen+ Dex+4 Stlth+} for 512 gold pieces
 25897 | D:13     | Gained mutation: When low on magic, you restore magic in place of health. [demonic ancestry]
 25897 | D:13     | Reached XP level 16. HP: 138/138 MP: 10/19
 26002 | D:13     | Noticed Nessos
 26013 | D:13     | Killed Nessos
 26236 | D:13     | Noticed Frances
 26250 | D:13     | Killed Frances
 26687 | D:14     | Noticed Azrael
 26696 | D:14     | Killed Azrael
 26765 | D:14     | Killed CcS's ghost
 26831 | D:14     | Reached skill level 5 in Invocations
 27134 | D:14     | Noticed Urug
 27148 | D:14     | Killed Urug
 27415 | D:14     | Found a gate to the Vaults.
 27525 | D:15     | Entered Level 15 of the Dungeon
 27531 | D:15     | Found a shadowy altar of Dithmenos.
 27792 | D:15     | Found a staircase to the Depths.
 27901 | D:15     | Found a runed door.
 28066 | D:15     | Got a flickering wooden ring
 28077 | D:15     | Identified the cursed ring of the Raven {rF+ rN+ MP+9 EV-2 Str-4} (You found it on level 15 of the Dungeon)
 28987 | Spider:3 | Identified Sif Muna's Disquisition on Dusty Conjuration
 29179 | Spider:3 | Got a crude bone ring
 29180 | Spider:3 | Identified the ring of Irodar {+Inv Str+2 Stlth+} (You found it on level 3 of the Spider Nest)
 29472 | Spider:4 | Entered Level 4 of the Spider Nest
 29472 | Spider:4 | Noticed DeXoteric's ghost (adept DrCj)
 29500 | Spider:4 | Killed DeXoteric's ghost
 29500 | Spider:4 | Mutation became permanent: You have claws for feet. [demonic ancestry]
 29500 | Spider:4 | Reached XP level 17. HP: 128/144 MP: 10/23
 30638 | Spider:4 | Got a gossamer rune of Zot
 30912 | Shoals:1 | Entered Level 1 of the Shoals
 30912 | Shoals:1 | Found Celyefev's Magic Scroll Emporium.
 31435 | Shoals:1 | HP: 7/144 [siren/trident (10)]
 32525 | Shoals:3 | Gained mutation: A meltable icy envelope protects you from harm (AC +0). [demonic ancestry]
 32525 | Shoals:3 | Reached XP level 18. HP: 148/153 MP: 11/24
 32664 | Shoals:3 | Noticed Roxanne
 32699 | Shoals:4 | Entered Level 4 of the Shoals
 32783 | Shoals:4 | Noticed Ilsuiw
 32893 | Shoals:4 | Killed Ilsuiw
 33048 | Shoals:4 | Reached skill level 17 in Fighting
 33177 | Shoals:4 | Reached skill level 15 in Dodging
 33333 | Shoals:4 | Got a twisted robe
 33334 | Shoals:4 | Identified the cursed -5 robe of Misfortune {-Cast *Contam *Tele EV-4 Str-2 Int-2 Dex-2 Stlth-- *Curse} (You found it on level 4 of the Shoals)
 33391 | Shoals:4 | Got a barnacled rune of Zot
 33615 | Shoals:4 | Shot with an arrow by a satyr

Action                   |  1- 3 |  4- 6 |  7- 9 | 10-12 | 13-15 | 16-18 || total
-------------------------+-------+-------+-------+-------+-------+-------++-------
Melee: War axe           |   150 |   101 |   431 |   547 |  1489 |  1481 ||  4199
       Dire flail        |       |       |       |    22 |    26 |    12 ||    60
Throw: Throwing net      |       |     3 |     1 |     1 |     1 |     1 ||     7
       Tomahawk          |       |       |       |       |       |     9 ||     9
       Javelin           |       |       |       |       |       |    40 ||    40
Evoke: Wand              |       |       |       |     3 |       |       ||     3
  Use: Potion            |       |     2 |     1 |     2 |     7 |     3 ||    15
       Scroll            |       |       |    10 |    13 |     5 |    12 ||    40
 Stab: Held in net/web   |       |     2 |     1 |     1 |     3 |       ||     7
       Invisible         |       |       |       |     1 |       |       ||     1
  Eat: Chunk             |     2 |     5 |    11 |    18 |    25 |     9 ||    70
       Beef jerky        |       |       |     2 |       |     3 |     1 ||     6
       Bread ration      |       |       |     1 |       |     2 |     3 ||     6
       Royal jelly       |       |       |     1 |     2 |     2 |     1 ||     6
       Pizza             |       |       |       |     1 |       |     1 ||     2
       Fruit             |       |       |       |     1 |     4 |     1 ||     6
